 Dungeon Crawl Stone Soup version 0.17-a0-1685-g57e755e (webtiles) character file.

16299 Oca the Cleaver (level 12, -15/110 HPs)
             Began as a Hill Orc Fighter on Aug 19, 2015.
             Demolished by a black mamba (18 damage)
             ... summoned by Xom
             ... on level 4 of the Lair of Beasts.
             The game lasted 02:30:34 (8740 turns).

Oca the Cleaver (Hill Orc Fighter)                  Turns: 8740, Time: 02:30:34

Health: -15/110    AC:  2    Str: 24    XL:     12   Next: 36%
Magic:  12/12      EV: 23    Int: 10    God:    Xom [......]
Gold:   717        SH:  0    Dex: 15    Spells: 0 memorised, 11 levels left

rFire  . . .     SeeInvis .     (weapon currently unavailable)
rCold  . . .     Clarity  +     (armour currently unavailable)
rNeg   . . .     SustAt   .     (shield currently unavailable)
rPois  .         Gourm    .     (helmet currently unavailable)
rElec  .         Spirit   .     (cloak currently unavailable)
rCorr  .         Warding  .     (gloves currently unavailable)
rMut   .         Stasis   .     (boots currently unavailable)
MR     .....                    p - amulet of regeneration
Stlth  ++++......               S - ring of stealth
                                x - ring of poison resistance

@: lethally poisoned (-15 -> -19), spider-form, invisible, not resistant to
hostile enchantments, stealthy
A: (hooves 0), breathe flames 1, clarity, clever 1, (cold resistance 0), wild
magic 1, evolution 1
a: Renounce Religion, Breathe Fire


You were on level 4 of the Lair of Beasts.
You worshipped Xom.
You were a very special plaything of Xom.
You were hungry.
You were a venomous arachnid creature.
You visited 2 branches of the dungeon, and saw 13 of its levels.
You also visited: Bailey.

You collected 753 gold pieces.
You spent 36 gold pieces at shops.

Inventory:

Hand weapons
 a - a +4 war axe (melded)
 o - a +0 hunting sling
 O - a +5 hand axe of flaming
Missiles
 b - 51 tomahawks of returning (quivered)
 l - 72 sling bullets
Armour
 i - a +2 helmet (melded)
 k - a +0 shield (melded)
 w - a +0 plate armour
 J - a +0 plate armour (melded)
Magical staves
 n - an uncursed staff of energy {unknown}
 W - an uncursed staff of poison {unknown}
 X - an uncursed staff of cold
Jewellery
 j - an uncursed ring of positive energy
 p - an amulet of regeneration (around neck)
 x - a ring of poison resistance (left front leg)
 D - an uncursed amulet of resist mutation
 M - an uncursed ring of teleportation
 S - a ring of stealth (right front leg)
Magical devices
 c - a wand of random effects (32)
 f - a wand of disintegration (10)
 z - a wand of magic darts (10)
 N - a wand of draining (10)
Scrolls
 g - 2 scrolls of fog
 u - a scroll of magic mapping
 v - 3 scrolls of enchant armour {unknown}
 y - a scroll of torment {unknown}
 B - 2 scrolls of recharging {unknown}
 G - a scroll of teleportation
 I - 3 scrolls of identify {unknown}
 P - 3 scrolls of vulnerability {unknown}
 Q - a scroll of remove curse
 V - 2 scrolls of fear {unknown}
 Y - 5 scrolls of immolation
Potions
 d - 2 potions of might
 q - 3 potions of poison
 r - a potion of mutation {unknown}
 s - 2 potions of agility
 t - a potion of lignification {unknown}
 C - 2 potions of invisibility
 E - 4 potions of curing
 H - 3 potions of haste {unknown}
 L - 2 potions of resistance {unknown}
 R - a potion of heal wounds {unknown}
 Z - a potion of ambrosia {unknown}
Miscellaneous
 m - a stone of tremors
 T - a phial of floods
Comestibles
 e - 7 bread rations
 h - 2 beef jerkies
 A - 5 chunks of flesh
 F - 19 fruits
 K - a royal jelly
 U - 7 meat rations


   Skills:
 + Level 11.0 Fighting
 + Level 13.0 Axes
 + Level 1.3 Slings
 + Level 10.1 Armour
 + Level 5.2 Dodging
 + Level 3.4 Stealth
 + Level 10.4 Shields
 + Level 0.2 Evocations


You had 11 spell levels left.
You didn't know any spells.

Dungeon Overview and Level Annotations

Branches:
Dungeon (9/15)             Temple (0/1) D:6            Lair (4/8) D:9
  Swamp: Lair:3-6    Shoals: Lair:3-6     Snake: Lair:3-6    Spider: Lair:3-6
    Orc: D:9-12

Altars:
Dithmenos
Elyvilon
Fedhas
Makhleb
Qazlal
Ru
Vehumet
Xom

Shops:
D:5 !

Annotations:
Lair:4 exclusion: 2 oklob plants


Innate Abilities, Weirdness & Mutations

((You have large cloven feet.))
You can breathe flames.
You possess an exceptional clarity of mind.
Your mind is acute. (Int +2)
((Your flesh is cold resistant.))
Your spells are a little harder to cast, but a little more powerful.
You evolve.


Message History

* * * LOW HITPOINT WARNING * * *
You are more poisoned.
The water moccasin poisons you!
You feel sick.
You feel sick.
The water moccasin completely misses you.
You feel sick.
You see here a porcupine corpse.
You feel sick.
You hear Xom's maniacal laughter.
You feel sick. The black mamba barely misses you.
The water moccasin completely misses you.
You feel sick. The black mamba bites you!!
* * * LOW HITPOINT WARNING * * *
The crocodile misses you.
You fade into invisibility!
* * * LOW HITPOINT WARNING * * *
You feel sick. The black mamba bites you!!
You die...
Xom howls with laughter!

......#.####.........#.###......#
##....#.# ##.........#.###.....#
#.....### P#P.........#..#......#
#.....# ##........PP..#P.H....
.#....# P ##......P....##.....P
.. P ##........P# #†....#
#.#..[....## ##.....#
..#....S...#####......#
#.#.#..sSD†.H...........
.........t...............
##..P#...####.#P####..###
######### ##### ####


You could see a nine-headed hydra, a black mamba, a hippogriff, a water moccasin
and a crocodile.

Vanquished Creatures
  Gastronok (D:8)
  Fannar (Lair:2)
  Erolcha (D:9)
  The ghost of cireshan the Thaumaturge, a powerful DECj of Sif Muna (Lair:2)
  An elephant (Lair:2)
  A black mamba (Lair:4)
  4 spiny frogs
  A fire drake (Lair:3)
  2 trolls (D:9)
  2 komodo dragons
  Grinder (D:4)
  Sigmund (D:6)
  12 yaks
  A wyvern (D:9)
  3 hippogriffs
  10 wolves (Lair:1)
  Duvessa (D:7)
  6 porcupines
  2 phantoms (D:8)
  A sky beast (D:7)
  2 black bears
  A necrophage (D:9)
  2 centaurs (D:6)
  2 ogres
  4 water moccasins
  4 ice beasts
  6 orc warriors
  A tengu (D:9)
  5 crocodiles
  Blork the orc (D:4)
  A gnoll sergeant (D:8)
  10 giant frogs
  A water moccasin zombie (D:6)
  The ghost of Oca the Skirmisher, a weakling OgFi of Ru (D:3)
  A scorpion (D:5)
  Dowan (D:7)
  A water moccasin skeleton (D:5)
  5 wights (D:8)
  An electric eel (Lair:1)
  6 hounds
  4 crimson imps
  An orc priest (D:4)
  A giant frog zombie (D:7)
  A wasp zombie (D:6)
  3 giant frog skeletons
  2 jellies (D:7)
  A centaur skeleton (D:5)
  5 iguanas
  A gnoll shaman (D:7)
  Jessica (D:3)
  An orc wizard (D:8)
  4 worker ants
  A hound skeleton (D:6)
  11 river rats
  6 gnolls
  4 shadow imps
  5 adders
  2 worms
  A giant gecko (D:3)
  16 orcs
  7 giant cockroaches
  19 goblins
  12 hobgoblins
  2 jackals (D:2)
  6 quokkas
  A ball python (D:3)
  4 bats
  2 giant cockroach zombies (D:5)
  5 giant newts
  13 kobolds
  A quokka skeleton (D:6)
  6 rats
  3 fungi
  2 plants (Lair:1)
263 creatures vanquished.

Vanquished Creatures (collateral kills)
  A skeletal warrior (D:6)
  3 yaks (D:9)
  A wolf (Lair:1)
  An iguana (D:9)
  A goblin (Bailey)
  A hobgoblin (Bailey)
8 creatures vanquished.

Vanquished Creatures (others)
  3 ball lightnings (D:9)
  A water moccasin (Lair:4)
  An orc warrior (D:6)
  6 fungi
  2 plants
13 creatures vanquished.

Grand Total: 284 creatures vanquished

Notes
Turn   | Place    | Note
--------------------------------------------------------------
     0 | D:1      | Oca the Hill Orc Fighter began the quest for the Orb.
     0 | D:1      | Reached XP level 1. HP: 19/19 MP: 1/1
   346 | D:1      | Reached XP level 2. HP: 24/27 MP: 2/2
   763 | D:2      | Reached XP level 3. HP: 33/33 MP: 3/3
   942 | D:2      | Reached skill level 4 in Fighting
  1146 | D:2      | Reached skill level 1 in Dodging
  1276 | D:2      | Reached XP level 4. HP: 40/40 MP: 4/4
  1440 | D:3      | Noticed Oca's ghost (weakling OgFi)
  1442 | D:3      | Noticed Jessica
  1565 | D:3      | Killed Jessica
  1692 | D:3      | Killed Oca's ghost
  1692 | D:3      | Reached XP level 5. HP: 26/47 MP: 5/5
  1886 | D:3      | Found a shimmering altar of Xom.
  1913 | D:3      | Became a worshipper of Xom of Chaos
  1917 | D:3      | Reached XP level 6. HP: 41/53 MP: 6/6
  2003 | D:3      | XOM: divination: magic mapping
  2217 | D:4      | XOM: noise
  2224 | D:4      | Reached skill level 5 in Armour
  2226 | D:4      | Noticed Blork the orc
  2233 | D:4      | Killed Blork the orc
  2306 | D:4      | Found a stormy altar of Qazlal.
  2355 | D:4      | Noticed Grinder
  2359 | D:4      | XOM: smoke on damage
  2372 | D:4      | Paralysed by Grinder for 4 turns
  2376 | D:4      | XOM: harmless Summ miscast
  2378 | D:4      | Killed Grinder
  2378 | D:4      | Reached skill level 5 in Fighting
  2378 | D:4      | Reached skill level 5 in Shields
  2378 | D:4      | Reached XP level 7. HP: 38/61 MP: 7/7
  2401 | D:4      | XOM: divination: magic mapping
  2459 | D:4      | Found a blossoming altar of Fedhas.
  2541 | D:4      | XOM: divination: magic mapping
  2569 | D:4      | Reached skill level 5 in Axes
  2667 | D:5      | Entered Level 5 of the Dungeon
  2727 | D:5      | Reached skill level 6 in Armour
  2800 | D:5      | Found a shadowy altar of Dithmenos.
  2860 | D:5      | XOM is BORED!
  2860 | D:5      | XOM: harmless Tloc miscast
  2879 | D:5      | XOM: divination: detect creatures
  2890 | D:5      | Reached XP level 8. HP: 44/69 MP: 8/8
  2979 | D:5      | Found a sacrificial altar of Ru.
  3013 | D:5      | Found a white marble altar of Elyvilon.
  3020 | D:5      | XOM: silly message
  3127 | D:5      | Found Veamoot's Distillery.
  3135 | D:5      | Bought a potion of curing for 36 gold pieces
  3212 | D:5      | XOM: mild Air miscast
  3274 | D:5      | XOM: harmless Fire miscast
  3339 | D:5      | XOM: divination: magic mapping
  3567 | D:5      | XOM: silly message
  3673 | D:6      | Found a staircase to the Ecumenical Temple.
  3685 | D:6      | Noticed Sigmund
  3689 | D:6      | XOM: divination: detect items
  3698 | D:6      | XOM: potion effect (invisibility)
  3714 | D:6      | Killed Sigmund
  3714 | D:6      | Reached skill level 7 in Armour
  3776 | D:6      | Reached skill level 1 in Stealth
  3835 | D:6      | XOM: cast spell 'Metabolic Englaciation'
  3888 | D:6      | Noticed a skeletal warrior
  3890 | D:6      | XOM: mild Erth miscast
  3892 | D:6      | XOM: destruction
  3898 | D:6      | XOM: butterfly on damage
  3915 | D:6      | XOM: enchant monster (good)
  4000 | D:6      | Reached XP level 9. HP: 73/78 MP: 9/9
  4097 | D:6      | XOM: summons 2 friendly demons
  4118 | D:6      | XOM: divine lightning (protected)
  4130 | D:6      | XOM: fog
  4145 | D:6      | XOM: cast spell 'Summon Horrible Things'
  4148 | D:6      | Killed a skeletal warrior
  4148 | D:6      | Reached skill level 8 in Armour
  4434 | D:6      | Reached skill level 1 in Slings
  4499 | D:7      | Noticed Duvessa
  4499 | D:7      | Noticed Dowan
  4506 | D:7      | XOM: fog
  4513 | D:7      | Killed Dowan
  4527 | D:7      | Killed Duvessa
  4878 | D:7      | Found a flagged portal.
  4903 | D:7      | Got an iridescent hand axe
  4905 | D:7      | Got a jewelled hand axe
  4908 | Bailey   | Entered a bailey
  4928 | Bailey   | XOM: polymorph kobold -> quokka
  4935 | Bailey   | XOM: enchant monster (good)
  4961 | Bailey   | XOM: confuse monster(s)
  4984 | Bailey   | Reached XP level 10. HP: 48/86 MP: 10/10
  4996 | Bailey   | Reached skill level 9 in Armour
  5415 | D:8      | Found a radiant altar of Vehumet.
  5475 | D:8      | Found a burning altar of Makhleb.
  5489 | D:8      | Noticed Gastronok
  5490 | D:8      | XOM: confuse monster(s)
  5494 | D:8      | XOM: summons friendly ufetubus
  5496 | D:8      | XOM: mild Necr miscast
  5498 | D:8      | XOM: potion effect (invisibility)
  5506 | D:8      | XOM: harmless Chrm miscast
  5524 | D:8      | XOM: enchant monster (good)
  5638 | D:8      | XOM: potion effect (haste)
  5744 | D:8      | Killed Gastronok
  5780 | D:8      | XOM: cast spell 'Dispersal'
  5937 | D:8      | XOM: give mutation
  5937 | D:8      | Gained mutation: You possess an exceptional clarity of mind. [Xom's grace]
  6208 | D:8      | Identified a scroll of acquirement
  6284 | D:9      | XOM: divination: detect creatures
  6305 | D:9      | Reached skill level 10 in Axes
  6320 | D:9      | XOM: polymorph two-headed ogre -> tengu
  6568 | D:9      | XOM: give mutations
  6568 | D:9      | Gained mutation: Your flesh is cold resistant. [Xom's grace]
  6568 | D:9      | Gained mutation: Your mind is acute. (Int +2) [Xom's grace]
  6568 | D:9      | Gained mutation: You have large cloven feet. [Xom's grace]
  6568 | D:9      | Gained mutation: You can breathe flames. [Xom's grace]
  6602 | D:9      | Noticed Erolcha
  6604 | D:9      | XOM: cast spell 'Conjure Ball Lightning'
  6605 | D:9      | Killed Erolcha
  6605 | D:9      | Reached skill level 5 in Dodging
  6605 | D:9      | Reached XP level 11. HP: 37/96 MP: 11/11
  6847 | D:9      | XOM: divination: detect creatures
  6850 | D:9      | XOM: swap monsters
  6859 | D:9      | XOM: give mutation
  6859 | D:9      | Gained mutation: You evolve. [Xom's grace]
  6904 | D:9      | XOM: vitrification
  6934 | D:9      | XOM: cast spell 'Call Canine Familiar'
  6935 | D:9      | XOM: divination: detect creatures
  6937 | D:9      | XOM: confuse monster(s)
  6951 | D:9      | Reached skill level 11 in Axes
  6982 | D:9      | Found a staircase to the Lair.
  6995 | Lair:1   | Entered Level 1 of the Lair of Beasts
  7106 | Lair:1   | Reached skill level 10 in Fighting
  7162 | Lair:1   | XOM: summons 2 friendly demons
  7233 | Lair:1   | XOM: god gift: glowing naga barding {god gift}
  7253 | Lair:1   | XOM: god gift: 26 gold pieces
  7396 | Lair:1   | XOM: enchant monster (good)
  7629 | Lair:2   | Reached skill level 12 in Axes
  7706 | Lair:2   | Noticed cireshan's ghost (powerful DECj)
  7733 | Lair:2   | Killed cireshan's ghost
  7758 | Lair:2   | XOM: swap monsters
  7765 | Lair:2   | XOM: confuse monster(s)
  7821 | Lair:2   | Reached XP level 12. HP: 60/107 MP: 12/12
  7838 | Lair:2   | Reached skill level 10 in Shields
  7875 | Lair:2   | Noticed Fannar
  7875 | Lair:2   | XOM: summons 5 friendly demons
  7905 | Lair:2   | Killed Fannar
  7905 | Lair:2   | Reached skill level 10 in Armour
  7910 | Lair:2   | Noticed a seven-headed hydra
  7947 | Lair:2   | XOM: cast spell 'Dispersal'
  7951 | Lair:2   | Gained mutation: Your spells are a little harder to cast, but a little more powerful. [evolution]
  8045 | Lair:3   | XOM: noise
  8060 | Lair:3   | XOM: divination: magic mapping
  8402 | Lair:4   | XOM: noise
  8428 | Lair:4   | XOM: harmless Erth miscast
  8503 | Lair:4   | XOM: enchant monster (bad)
  8682 | Lair:4   | Reached skill level 13 in Axes
  8688 | Lair:4   | XOM: mild Hex miscast
  8694 | Lair:4   | XOM: divination: detect creatures
  8695 | Lair:4   | XOM: enchant monster (good)
  8697 | Lair:4   | XOM: noise
  8704 | Lair:4   | XOM: summons friendly quasit
  8716 | Lair:4   | XOM: cast spell 'Spider Form'
  8729 | Lair:4   | XOM: divine lightning (protected)
  8737 | Lair:4   | XOM: summons 2 hostile shadow creatures
  8739 | Lair:4   | HP: 4/110 [black mamba[Xom] (19)]
  8740 | Lair:4   | Demolished by a black mamba

Vault maps used:
D:1:      dpeg_arrival_arbitrary_a
D:3:      led_xom_imps, portal_sewer_entry_b, uniq_jessica
D:4:      fedhas_altar_fruit_tree, first_bread, grunt_qazlal_sundering,
          uniq_sigmund, uniq_blork_the_orc, uniq_grinder
D:5:      nicolae_dithmenos_shadow_blocks, amethyst_overflow_temple_binary,
          serial_shops, nicolae_shop_waterfront
D:6:      hangedman_cross_stitches, minmay_temple_entry_statues,
          minmay_bad_closet, moated_statue, minmay_ogre_servants
D:7:      enter_bailey_2, kennysheep_generic_room_7, uniq_duvessa
D:8:      overflow_temple_1_default, nicolae_overflow_hidden_temple,
          uniq_gastronok
D:9:      lair_0_dummy, uniq_erolcha
Lair:1:   beast_lair_carwin_large_4, serial_bayou_shore_a, grunt_megastairs_3
Lair:2:   serial_bayou_shore_b, uniq_fannar
Lair:3:   nicolae_swamp_entry_splash_gauntlet, lemuel_fruit_fields
Lair:4:   dpeg_oklob_1, lemuel_fruit_tree, bh_autumn_forest_stairs
Bailey:   bailey_axe_1, bailey

Action                   |  1- 3 |  4- 6 |  7- 9 | 10-12 || total
-------------------------+-------+-------+-------+-------++-------
Melee: War axe           |   128 |    66 |       |   616 ||   810
       Hand axe          |       |    50 |   274 |    16 ||   340
       Dagger            |       |     5 |       |       ||     5
       Unarmed           |       |       |       |     1 ||     1
 Fire: Hunting sling     |       |     1 |     4 |       ||     5
Evoke: Stone of tremors  |       |       |       |     1 ||     1
  Use: Scroll            |       |     3 |     4 |     7 ||    14
       Potion            |       |       |       |     4 ||     4
 Stab: Invisible         |       |       |     2 |     3 ||     5
       Distracted        |       |       |       |     3 ||     3
       Confused          |       |       |       |     1 ||     1
  Eat: Bread ration      |     1 |       |     1 |     3 ||     5
       Chunk             |       |     2 |     5 |     5 ||    12
       Fruit             |       |       |     2 |     1 ||     3
